 Dungeon Crawl Stone Soup version 0.24-b1 (webtiles) character file.

Game seed: 9278704825513875173, levelgen mode: deterministic

62 Perry the Skirmisher (level 4, -8/41 HPs)
             Began as a Hill Orc Transmuter on Oct 13, 2019.
             Mangled by a gnoll
             ... wielding a +4 spear of venom
              (10 damage)
             ... on level 2 of the Dungeon.
             The game lasted 00:05:21 (1831 turns).

Perry the Skirmisher (Hill Orc Transmuter)          Turns: 1831, Time: 00:05:22

Health: -8/41      AC:  6    Str: 18    XL:     4   Next: 8%
Magic:  6/6        EV: 10    Int: 13    God:
Gold:   110        SH:  0    Dex: 11    Spells: 5/6 levels left

rFire    . . .     SeeInvis .     - Unarmed
rCold    . . .     Gourm    .   (no shield)
rNeg     . . .     Faith    .   o - +0 scale mail
rPois    .         Spirit   .   (no helmet)
rElec    .         Reflect  .   (no cloak)
rCorr    .         Harm     .   (no gloves)
MR       .....                  (no boots)
Stlth    ..........             (no amulet)
HPRegen  0.13/turn              (no ring)
MPRegen  0.10/turn              (no ring)

@: mighty, lethally poisoned (-8 -> -22)
A: no striking features
a: no special abilities


You were on level 2 of the Dungeon.
You were very hungry.

You visited 1 branch of the dungeon, and saw 2 of its levels.

You collected 110 gold pieces.

Inventory:

Hand Weapons
 c - a +0 short sword
Missiles
 a - 43 arrows
 h - 7 stones (quivered)
Armour
 b - a +0 robe
 k - a +0 ring mail
 o - a +0 scale mail (worn)
Jewellery
 f - an uncursed ring of magical power {unknown}
 j - a cursed -2 ring of protection {unknown}
 l - an uncursed ring of flight {unknown}
Scrolls
 g - 3 scrolls of identify {unknown}
 m - 2 scrolls of amnesia {unknown}
 n - a scroll of immolation {unknown}
Potions
 e - a potion of might
 p - a potion of flight {unknown}
Comestibles
 d - 2 rations


   Skills:
 + Level 4.4 Fighting
 + Level 0.9 Armour
 - Level 1.5 Dodging
 - Level 3.2 Unarmed Combat
 - Level 1.5 Spellcasting
 - Level 1.3 Transmutations


You had 5 spell levels left.
You knew the following spells:

 Your Spells              Type           Power        Failure   Level  Hunger
a - Beastly Appendage     Tmut           #.....       45%         1    ##.....

Your spell library contained the following spells:

 Spells                   Type           Power        Failure   Level  Hunger
 Sticks to Snakes         Tmut           #.......     58%         2    ###....
 Spider Form              Tmut/Pois      #.........   89%         3    ####...
 Ice Form                 Ice/Tmut       #.......     100%        4    #####..
 Blade Hands              Tmut           #.........   100%        5    ######.


Dungeon Overview and Level Annotations

Branches:
Dungeon (2/15)

Altars:


Message History

The gnoll barely misses you.
You feel better.
The gnoll hits you with a +4 spear of venom.
* * * LOW HITPOINT WARNING * * *
You are poisoned.
The gnoll barely misses you.
You hit the gnoll.
The gnoll is severely wounded.
You feel sick.
The gnoll hits you with a +4 spear of venom.
* * * LOW HITPOINT WARNING * * *
You are more poisoned.
Your scale mail prevents you from hitting the gnoll.
The gnoll is severely wounded.
* * * LOW HITPOINT WARNING * * *
You feel sick.
The gnoll hits you from afar with a +0 trident.
* * * LOW HITPOINT WARNING * * *
The gnoll hits you with a +4 spear of venom!
You die...

################
#..............#
##########†###..#..#..#..
#......)@gg....###...###.
#..........###..#..#..#..
#.#############...##....#
#.####.# #.......###.#.##
#.....># #.####...#.....#
#.####.# #..#.....#.. #.#
#.###...###. # #.#
#..#..#..#.. #. #.#
##...##....#


You could see 2 gnolls.

Vanquished Creatures
  A gnoll (D:2)
  An adder (D:1)
  A dart slug (D:2)
  2 leopard geckos
  5 bats
  2 giant cockroaches
  A goblin (D:1)
  9 hobgoblins
  3 jackals (D:1)
  A frilled lizard (D:1)
  6 kobolds
  5 rats
37 creatures vanquished.

Notes
Turn   | Place    | Note
-------+----------+-------------------------------------------
     0 | D:1      | Perry the Hill Orc Transmuter began the quest for the Orb.
     0 | D:1      | Reached XP level 1. HP: 16/16 MP: 3/3
   250 | D:1      | Reached skill level 2 in Fighting
   290 | D:1      | Reached XP level 2. HP: 20/25 MP: 4/4
   444 | D:1      | Reached skill level 3 in Fighting
   923 | D:2      | Reached XP level 3. HP: 29/31 MP: 5/5
  1235 | D:2      | Reached skill level 4 in Fighting
  1638 | D:2      | Reached XP level 4. HP: 26/41 MP: 6/6
  1831 | D:2      | HP: 2/41 [gnoll/+0 trident (2)]
  1831 | D:2      | Mangled by a gnoll

Skill      XL: |  1  2  3 |
---------------+----------+-----
Fighting       | 2 3 4 |  4.4
Armour         | |  0.9
Dodging        | |  1.5
Unarmed Combat | |  3.2
Spellcasting   | |  1.5
Transmutations | |  1.3

Action                   |  1- 3 |  4- 6 || total
-------------------------+-------+-------++-------
Melee: Unarmed           |   159 |    16 ||   175
       Punch             |     1 |       ||     1
  Use: Scroll            |     1 |       ||     1
       Potion            |       |     4 ||     4
  Eat: Chunk             |     1 |     1 ||     2
Armor: Robe              |    26 |       ||    26
       Scale mail        |    10 |    13 ||    23
Dodge: Dodged            |    86 |    17 ||   103
